 Dungeon Crawl Stone Soup version 0.31-a0-121-g1e386dd289 (webtiles) character file.

Game seed: 12094373212265530960

11335 Dittersdorf the Protected (level 11, -5/73 HPs)
             Began as a Gargoyle Fighter on May 31, 2023.
             Was a Priest of the Shining One.
             Slain by a centaur warrior simulacrum (25 damage)
             ... on level 10 of the Dungeon.
             The game lasted 00:17:24 (8673 turns).

Dittersdorf the Protected (Gargoyle Fighter)        Turns: 8673, Time: 00:17:25

Health: -5/73      AC: 33    Str: 24    XL:     11   Next: 76%
Magic:  11/11      EV:  8    Int:  9    God:    the Shining One [***...]
Gold:   571        SH:  6    Dex:  9    Spells: 10/10 levels left

rFire   . . .        B - +2 eveningstar (holy)
rCold   . . .        c - +0 buckler
rNeg    + + .        E - +8 chain mail of Peycapn {+Blink}
rPois   ∞            i - +0 helmet
rElec   +            y - +1 cloak
rCorr   +            (no gloves)
SInv    .            D - +0 pair of boots
Will    .....        v - amulet of regeneration Stlth
                     j - ring of resist corrosion
HPRegen 1.12/turn    (no ring)
MPRegen 0.12/turn

%: no passive effects
@: glowing
A: sickness immunity, AC +8, negative energy resistance 1, electricity
resistance, torment resistance 1, petrification resistance
a: Renounce Religion, Evoke Blink, Divine Shield, Cleansing Flame


You were on level 10 of the Dungeon.
You worshipped the Shining One.
The Shining One was most pleased with you.
You visited 2 branches of the dungeon, and saw 11 of its levels.
You also visited: Bailey.

You collected 571 gold pieces.

Inventory:

Hand Weapons
 B - a +2 eveningstar of holy wrath (weapon)
Missiles
 n - 2 curare-tipped darts (quivered)
Armour
 c - a +0 buckler (worn)
 i - a +0 helmet (worn)
 y - a +1 cloak (worn)
 D - a +0 pair of boots (worn)
 E - the +8 chain mail of Peycapn (worn) {+Blink}
   (You took it off an orc warrior on level 9 of the Dungeon)

   +Blink:    It lets you blink.
Magical Staves
 r - a staff of earth
Jewellery
 j - a ring of resist corrosion (left hand)
 v - an amulet of regeneration (around neck)
Wands
 h - a wand of flame (9)
 s - a wand of paralysis (1)
Scrolls
 g - a scroll of enchant weapon
 k - a scroll of magic mapping
 o - a scroll of fear
 q - 2 scrolls of teleportation
 w - a scroll of blinking
 x - a scroll of poison
 A - 3 scrolls of enchant armour
Potions
 a - a potion of cancellation
 b - 4 potions of curing
 d - 5 potions of might
 e - 2 potions of resistance
 f - 3 potions of mutation
 l - 2 potions of enlightenment
 m - 2 potions of heal wounds {unknown}
 p - a potion of ambrosia {unknown}
 t - 4 potions of attraction {unknown}
 u - 2 potions of brilliance {unknown}
 z - 2 potions of haste {unknown}


   Skills:
 + Level 10.6 Fighting
 + Level 9.5 Maces & Flails
 + Level 10.6 Armour
 + Level 10.6 Shields


You had 10 spell levels left.
You didn't know any spells.
Your spell library contained the following spells:

 Spells                   Type           Power      Damage    Failure   Level
 Slow                     Hex            0%         N/A       88%         1
 Lesser Beckoning         Tloc           0%         N/A       96%         2
 Confusing Touch          Hex            0%         N/A       99%         3
 Gell's Gravitas          Tloc           0%         N/A       99%         3
 Inner Flame              Hex/Fire       0%         N/A       99%         3
 Teleport Other           Tloc           0%         N/A       99%         3
 Vampiric Draining        Necr           0%         2d6       99%         3
 Vhi's Electric Charge    Tloc/Air       0%         N/A       99%         3
 Flame Wave               Conj/Fire      0%         2d4       100%        4
 Sticky Flame             Conj/Fire      0%         2d3       100%        4
 Arcjolt                  Conj/Air       0%         1d10      100%        5
 Maxwell's Capacitive Co  Air            0%         ∞         100%        8


Dungeon Overview and Level Annotations

Branches:
Dungeon (10/15)            Temple (1/1) D:6          Bailey (visited)
   Lair: D:8-11         Orc: D:9-12

Altars:
Ashenzari
Cheibriados
Dithmenos
Elyvilon
Fedhas
Gozag
Kikubaaqudgha
Makhleb
Nemelex Xobeh
Okawaru
Qazlal
Sif Muna
Trog
Uskayaw
Vehumet
Wu Jian
Xom
Yredelemnul
Zin
The Shining One

Shops:
D:9 (


Innate Abilities, Weirdness & Mutations

You are immune to sickness and miasma.
Your stone body is resilient. (AC +8)
You are immune to poison.
You resist negative energy. (rN+)
You are resistant to electric shocks. (rElec)
You are resistant to unholy torment.
You are immune to petrification.


Message History

You throw a curare-tipped dart.
The curare-tipped dart hits the two-headed ogre.
The two-headed ogre is poisoned.
The two-headed ogre convulses.
The two-headed ogre seems to slow down.
The two-headed ogre is lightly wounded.
You puncture the two-headed ogre!
The two-headed ogre is heavily wounded.
The two-headed ogre hits you with a +0 giant spiked club!!
* * * LOW HITPOINT WARNING * * *
The two-headed ogre hits you with a +0 giant club.
* * * LOW HITPOINT WARNING * * *
You puncture the two-headed ogre!
The two-headed ogre is severely wounded.
You puncture the two-headed ogre!
The two-headed ogre is almost dead.
A centaur warrior simulacrum comes into view.
You puncture the two-headed ogre!
You kill the two-headed ogre!
You bludgeon the ice beast!!
The ice beast is severely wounded.
The ice beast hits you but does no damage.
You puncture the ice beast!
You kill the ice beast!
You block the centaur warrior simulacrum's attack.
The centaur warrior simulacrum kicks you but does no damage.
You bludgeon the centaur warrior simulacrum!!
The centaur warrior simulacrum convulses.
The centaur warrior simulacrum is severely damaged.
You block the centaur warrior simulacrum's attack.
The centaur warrior simulacrum kicks you but does no damage.
You completely miss the centaur warrior simulacrum.
The centaur warrior simulacrum is severely damaged.
The centaur warrior simulacrum hits you but does no damage.
You block the centaur warrior simulacrum's attack.
You completely miss the centaur warrior simulacrum.
The centaur warrior simulacrum is severely damaged.
The centaur warrior simulacrum hits you.
* * * LOW HITPOINT WARNING * * *
The centaur warrior simulacrum freezes you!!
You die...

≈≈≈≈~..##...>....#
≈≈≈≈~..##.########
.~≈≈≈~...#...)..#
####....#.###.#
..........#
.######...#####.
.~≈≈≈≈...........
.~≈≈≈≈..####.....
#~≈≈≈~#@# O....
#.≈≈≈##Z# .# ##.
..≈≈ #.##.#....
##≈ #...T.....
...≈...(........
#############... #


You could see a centaur warrior simulacrum.

Vanquished Creatures
  An orc warlord (Bailey)
  The ghost of mandoloar the Severer, a journeyman HOFi of the Shining One (D:9)
  4 two-headed ogres
  A death yak (D:9)
  Joseph (D:8)
  2 trolls
  3 shadows (D:9)
  A vampire (D:9)
  An unseen horror simulacrum (D:10)
  A steam dragon (D:8)
  A warg (D:9)
  Edmund (D:4)
  3 water moccasins (D:6)
  An acid dragon (D:9)
  6 orc warriors
  4 ogres
  A sky beast (D:7)
  2 black bears
  4 ice beasts
  A wolf (D:10)
  A phantom (D:6)
  4 kobold brigands
  A gnoll sergeant (D:8)
  A bullfrog (D:5)
  3 necrophages (D:4)
  4 scorpions
  A water moccasin zombie (D:4)
  15 wights
  An electric eel (D:10)
  A crimson imp (D:7)
  4 quasits (D:7)
  8 orc priests
  Crazy Yiuf (D:6)
  4 hounds
  2 jellies (D:7)
  4 iguanas
  2 sleepcaps
  A scorpion zombie (D:4)
  6 orc wizards
  A hound zombie (D:4)
  13 adders
  14 gnolls
  4 shadow imps (D:7)
  5 white imps
  3 ufetubi
  2 adder zombies (D:4)
  2 dart slugs
  32 orcs
  5 endoplasms
  3 giant cockroaches
  12 goblins
  10 hobgoblins
  4 jackals (D:1)
  3 quokkas
  6 ball pythons
  3 bats
  A frilled lizard (D:1)
  25 kobolds
  2 rats (D:1)
254 creatures vanquished.

Vanquished Creatures (others)
  A kobold (D:8)
1 creature vanquished.

Grand Total: 255 creatures vanquished

Notes
Turn   | Place    | Note
-------+----------+-------------------------------------------
     0 | D:1      | Dittersdorf the Gargoyle Fighter began the quest for the
                  | Orb.
     0 | D:1      | Reached XP level 1. HP: 14/14 MP: 1/1
   343 | D:1      | Reached XP level 2. HP: 19/19 MP: 2/2
   683 | D:2      | Reached XP level 3. HP: 2/24 MP: 3/3
   831 | D:2      | Reached XP level 4. HP: 29/29 MP: 4/4
  1081 | D:2      | Found a hide-covered altar of Uskayaw.
  1719 | D:3      | You fall into a shaft and drop 2 floors!
  1719 | D:5      | Entered Level 5 of the Dungeon
  1735 | D:5      | Noticed an ogre
  1742 | D:5      | Killed an ogre
  1743 | D:5      | Reached XP level 5. HP: 34/34 MP: 5/5
  1767 | D:5      | Reached XP level 6. HP: 29/39 MP: 6/6
  2010 | D:5      | Noticed a black bear
  2029 | D:5      | Reached skill level 5 in Fighting
  2029 | D:5      | Reached skill level 5 in Armour
  2029 | D:5      | Reached skill level 5 in Shields
  2029 | D:5      | Reached XP level 7. HP: 23/44 MP: 7/7
  2690 | D:4      | Identified the +2 leather armour of Negation {Harm}
  2865 | D:4      | Reached XP level 8. HP: 51/51 MP: 8/8
  2899 | D:4      | Noticed Edmund
  2910 | D:4      | Killed Edmund
  2911 | D:4      | Reached skill level 5 in Maces & Flails
  2997 | D:4      | Identified the +0 ring mail "Qeomehox" {rF+}
  3455 | D:4      | Found a blossoming altar of Fedhas.
  3825 | D:5      | Found an opulent altar of Gozag.
  4157 | D:6      | Found a shimmering altar of Xom.
  4200 | D:6      | Reached XP level 9. HP: 47/56 MP: 9/9
  4411 | D:6      | Found a staircase to the Ecumenical Temple.
  4420 | Temple   | Entered the Ecumenical Temple
  4462 | Temple   | Became a worshipper of the Shining One
  4565 | D:6      | Found a runed translucent door.
  4566 | D:6      | Noticed Crazy Yiuf
  5257 | D:6      | Killed Crazy Yiuf
  5398 | D:7      | Identified a scroll of acquirement
  5398 | D:7      | Acquired an amulet of regeneration
  5451 | D:7      | Reached * piety under the Shining One
  5952 | D:7      | Identified the +0 chain mail "Ixoshoypt" {rPois Regen+
                  | Dex-2 SInv}
  6216 | D:8      | Reached ** piety under the Shining One
  6392 | D:8      | Reached XP level 10. HP: 46/64 MP: 10/10
  6831 | D:8      | Noticed Joseph
  6854 | D:8      | Killed Joseph
  6877 | D:8      | Found a broken altar of Ashenzari.
  7171 | D:9      | Reached *** piety under the Shining One
  7205 | D:9      | Found Ellaa's Antique Weapon Emporium.
  7222 | D:9      | Noticed a two-headed ogre
  7231 | D:9      | Killed a two-headed ogre
  7236 | D:9      | Found a basalt altar of Yredelemnul.
  7337 | D:9      | Found a runed translucent gate.
  7337 | D:9      | Found a runed translucent gate.
  7338 | D:9      | Found a runed translucent gate.
  7339 | D:9      | Noticed mandoloar's ghost (journeyman HOFi)
  7340 | D:9      | Identified the +8 chain mail of Peycapn {+Blink}
  7496 | D:9      | Found an iron altar of Okawaru.
  7702 | D:9      | Found a flagged portal.
  7712 | Bailey   | Entered a bailey
  7717 | Bailey   | Noticed an orc warlord
  7869 | Bailey   | Found a runed translucent gate.
  7871 | Bailey   | Found a runed translucent gate.
  7873 | Bailey   | Found a runed translucent gate.
  7962 | Bailey   | Killed an orc warlord
  7963 | Bailey   | Reached XP level 11. HP: 39/72 MP: 11/11
  8011 | D:9      | Acquired a +2 eveningstar of holy wrath
  8043 | D:9      | Noticed a two-headed ogre
  8055 | D:9      | Killed a two-headed ogre
  8095 | D:9      | Noticed a two-headed ogre
  8099 | D:9      | Reached skill level 10 in Fighting
  8099 | D:9      | Reached skill level 10 in Armour
  8099 | D:9      | Reached skill level 10 in Shields
  8103 | D:9      | Killed a two-headed ogre
  8428 | D:9      | Killed mandoloar's ghost
  8495 | D:9      | Identified the +0 plate armour of Instinct {Harm SInv}
  8515 | D:10     | Entered Level 10 of the Dungeon
  8527 | D:10     | Noticed a death yak
  8590 | D:9      | Killed a death yak
  8645 | D:10     | Noticed a two-headed ogre
  8668 | D:10     | Killed a two-headed ogre
  8673 | D:10     | Slain by a centaur warrior simulacrum

Illustrated notes

Levels and vault maps discovered:
D:1:      noname_arrival_rooms_in_the_neighbourhood, layout_basic
D:2:      layout_basic, basic_altar
D:3:      layout_basic
D:4:      layout_gridville, fedhas_altar_decomposition, uniq_edmund
D:5:      layout_basic, mainiacjoe_overflow_chevrons
D:6:      cheibrodos_thug_alley, layout_basic, mainiacjoe_overflow_tiny_flanked,
          minmay_temple_entry_metal_lava, uniq_crazy_yiuf_cottage
D:7:      layout_loops_ring, serial_demonic, serial_demonic_d, serial_demonic_b,
          serial_demonic_b, serial_demonic_a, serial_demonic_g,
          serial_demonic_a, serial_demonic_f, hangedman_decor_opposing,
          minmay_fire_ice_demons
D:8:      layout_gridville, mainiacjoe_overflow_surrounded_room,
          grunt_decor_mini_mirrors, uniq_joseph
D:9:      layout_loops_corners, overflow_temple_1_default,
          mainiacjoe_overflow_concentric_impassable, enter_bailey_3,
          biasface_ghost_orc_armoury, serial_shops, shop, blue_anna_alchemist
D:10:     cheibrodos_wizards_tower, layout_loops_cross,
          mainiacjoe_overflow_alcove_2, kennysheep_little_box,
          dpeg_oklobed_lair, serial_ice, serial_ice_g, serial_ice_b,
          serial_ice_l, serial_ice_a, serial_ice_d, serial_ice_c, serial_ice_n,
          serial_ice_m, serial_ice_f, serial_ice_o,
          nicolae_transporter_intersection
Temple:   nicolae_temple_ecumenical_triangle

Skill      XL: |  1  2  3  4  5  6  7  8  9 10 11 |
---------------+----------------------------------+-----
Shields        | 4 5 6 8 9 10 | 10.6
Fighting       | 4 5 6 8 9 10 | 10.6
Armour         | 4 5 6 8 9 10 | 10.6
Maces & Flails | 3 4 5 7 8 9 |  9.5

Action                     |  1- 3 |  4- 6 |  7- 9 | 10-12 || total
---------------------------+-------+-------+-------+-------++-------
  Melee: Flail             |    86 |   132 |   570 |   147 ||   935
         Morningstar       |       |       |       |    98 ||    98
         Unarmed           |       |       |       |     5 ||     5
         Eveningstar       |       |       |       |    79 ||    79
  Throw: Dart              |       |     4 |     3 |     2 ||     9
    Use: Scroll            |       |       |    13 |     8 ||    21
         Potion            |       |       |       |     1 ||     1
 Armour: Scale mail        |    66 |    67 |       |       ||   133
         Chain mail        |       |     9 |   443 |   182 ||   634
         Skin              |       |       |       |     1 ||     1
  Dodge: Dodged            |    35 |    64 |   213 |   132 ||   444
  Block: Buckler           |    13 |    33 |   162 |    91 ||   299

Table legend: (Time is in decaauts)
 A = Elapsed time spent in this place.
 B = Non-inter-level travel time spent in this place.
 C = Inter-level travel time spent in this place.
 D = Time resting spent in this place.
 E = Time spent auto-exploring this place.
 F = Levels seen in this place.
 G = Mean time per level.
                   A        B        C        D        E       F      G
               +--------+--------+--------+--------+--------+-----+--------+
         Total |   8852 |   8502 |    350 |    766 |   4768 |  12 |  737.7 |
       Dungeon |   8486 |   8136 |    350 |    717 |   4738 |  10 |  848.6 |
        Temple |     48 |     48 |      0 |      0 |     30 |   1 |   48.0 |
        Bailey |    316 |    316 |      0 |     49 |      0 |   1 |  316.0 |
               +--------+--------+--------+--------+--------+-----+--------+

Top non-repeatable levels by time:
     D:4: 1191 daAuts
     D:7: 1168 daAuts
     D:9: 1150 daAuts
     D:6: 1116 daAuts
     D:2: 980 daAuts
     D:5: 874 daAuts
     D:8: 682 daAuts
     D:1: 667 daAuts
     D:3: 551 daAuts
  Bailey: 316 daAuts
    D:10: 104 daAuts
  Temple: 48 daAuts
